 Dungeon Crawl Stone Soup version 0.29.1-13-g9f3cf754e1 (webtiles) character file.

Game seed: 8096374565494407490

3 javelincjr the Firebug (level 1, -2/13 HPs)
             Began as a Demonspawn Fire Elementalist on Jan 30, 2023.
             Slain by a quokka (5 damage)
             ... on level 1 of the Dungeon.
             The game lasted 00:00:34 (70 turns).

javelincjr the Firebug (Demonspawn Fire Elementalist) Turns: 70, Time: 00:00:35

Health: -2/13      AC:  2    Str:  8    XL:     1   Next: 41%
Magic:  0/3        EV: 12    Int: 16    God:
Gold:   0          SH:  0    Dex: 13    Spells: 3/4 levels left

rFire   . . .      SeeInvis .   d - +0 club
rCold   . . .      Faith    .   (no shield)
rNeg    . . .      Spirit   .   a - +0 robe
rPois   .          Reflect  .   (no helmet)
rElec   .          Harm     .   (no cloak)
rCorr   .          Rampage  .   (no gloves)
Will    .....                   (no boots)
Stlth   ++........              (no amulet)
HPRegen 0.04/turn               (no ring)
MPRegen 0.08/turn               (no ring)

@: no status effects
A: no striking features
a: no special abilities


You were on level 1 of the Dungeon.
You visited 1 branch of the dungeon, and saw 1 of its levels.

Inventory:

Hand Weapons
 d - a +0 club (weapon)
Armour
 a - a +0 robe (worn)
Scrolls
 c - a scroll of vulnerability {unknown}
Potions
 b - a potion of magic


   Skills:
 + Level 1.7 Dodging
 + Level 1.7 Stealth
 + Level 2.0 Spellcasting
 + Level 1.0 Conjurations
 + Level 2.9 Fire Magic


You had 3 spell levels left.
You knew the following spells:

 Your Spells              Type           Power      Damage    Failure   Level
a - Foxfire               Conj/Fire      28%        2x1d5     10%         1

Your spell library contained the following spells:

 Spells                   Type           Power      Damage    Failure   Level
 Scorch                   Fire           20%        2d6       10%         2
 Conjure Flame            Conj/Fire      7%         6-21      28%         3
 Inner Flame              Hex/Fire       6%         N/A       34%         3
 Flame Wave               Conj/Fire      7%         2d5       67%         4


Dungeon Overview and Level Annotations

Branches:
Dungeon (1/15)

Altars:


Message History

Your foxfire dissipates!
The foxfire hits the rat but does no damage.
The foxfire hits the rat.
The rat is heavily wounded.
The foxfire hits the quokka but does no damage.
Your foxfire dissipates!
Casting: Foxfire (safe; 10% risk of failure)
Confirm with . or Enter, or press ? or * to list all spells.
You don't have enough magic to cast this spell.
You see here a +0 club.
d - a +0 club The quokka barely misses you.
The rat bites you.
Unknown command.
d - a +0 club (weapon)
The quokka barely misses you. The rat bites you.
You closely miss the rat.
The rat is heavily wounded.
The quokka misses you. The rat bites you. The quokka barely misses you.
You hit the rat.
You kill the rat!
A kobold opens the door.
The quokka bites you. The quokka attacks as you move away!
The quokka bites you.
The kobold shouts!
The quokka barely misses you.
The kobold throws a stone.
The stone misses you.
You barely miss the quokka. The quokka closely misses you.
You barely miss the quokka. The quokka barely misses you.
The quokka completely misses you.
You miss the quokka. The quokka bites you.
* * * LOW HITPOINT WARNING * * *
You hit the quokka but do no damage. The quokka closely misses you. x2
Casting: Foxfire (safe; 10% risk of failure)
Confirm with . or Enter, or press ? or * to list all spells.
You conjure some foxfire!
The quokka misses you.
You closely miss the quokka.
The foxfire hits the quokka.
The quokka is moderately wounded.
The foxfire hits the quokka.
The quokka is severely wounded.
The quokka closely misses you. The quokka bites you.
You die...

... ... #...#.# .....#
...#.# #.##.# # #.##.#
####.##.##.##
.......†Kr@§##
##.##...##§.#
#.....##.#
#.......##.###########
#.......#.........PP~#
.'...........###.##~PP#
###.......#...#
#.##P~~# .........#.###
#~PP##.# ####.....#.#
#P~P##.#


You could see a quokka and a kobold.

Vanquished Creatures
  A ball python (D:1)
  A goblin (D:1)
  A rat (D:1)
3 creatures vanquished.

Vanquished Creatures (others)
  10 foxfires (D:1)
10 creatures vanquished.

Grand Total: 13 creatures vanquished

Notes
Turn   | Place    | Note
-------+----------+-------------------------------------------
     0 | D:1      | javelincjr the Demonspawn Fire Elementalist began the quest
                  | for the Orb.
     0 | D:1      | Reached XP level 1. HP: 13/13 MP: 3/3
    70 | D:1      | Slain by a quokka

Illustrated notes

Levels and vault maps discovered:
D:1:      psy_arrival_conway, layout_loops_corners, basic_ecumenical_altar,
          serial_bayou_pond_a

Action                   || total
-------------------------++-------
Melee: Club              ||     7
 Cast: Foxfire           ||     6
Dodge: Dodged            ||    13
